 Dungeon Crawl Stone Soup version 0.28.0-53-g5a82cb258f (webtiles) character file.

Game seed: 12051611444193435884

11603 LustLizard the Cleaver (level 11, -12/99 HPs)
             Began as a Minotaur Berserker on June 30, 2022.
             Was an Elder of Trog.
             Mangled by a manticore (21 damage)
             ... on level 11 of the Dungeon.
             The game lasted 00:26:36 (13534 turns).

LustLizard the Cleaver (Minotaur Berserker)        Turns: 13534, Time: 00:26:36

Health: -12/99     AC:  3    Str: 23    XL:     11   Next: 51%
Magic:  10/10      EV: 11    Int:  6    God:    Trog [****..]
Gold:   528        SH:  0    Dex: 11    Spells: 10/10 levels left

rFire   x . .      SeeInvis +   Z - +9 broad axe of Jelly's Regret {vorpal, rPois rF- SInv}
rCold   . . .      Faith    .   (no shield)
rNeg    + . .      Spirit   .   o - +0 swamp dragon scales
rPois   +          Reflect  .   U - +1 hat {Stlth+}
rElec   .          Harm     .   k - +2 cloak
rCorr   .          Rampage  .   (no gloves)
Will    .....                   (no boots)
Stlth   ++........              D - amulet of regeneration
HPRegen 1.06/turn               d - ring of see invisible
MPRegen 0.12/turn               F - ring of positive energy

@: corroded, on berserk cooldown, slowed, very slow
A: horns 2, retaliatory headbutt
a: Renounce Religion, Berserk, Trog's Hand, Brothers in Arms


You were on level 11 of the Dungeon.
You worshipped Trog.
Trog was greatly pleased with you.
You visited 1 branch of the dungeon, and saw 11 of its levels.
You also visited: Bailey.

You collected 528 gold pieces.

Inventory:

Hand Weapons
 X - a +5 war axe
 Z - the +9 broad axe of Jelly's Regret (weapon) {vorpal, rPois rF- SInv}
   (Trog gifted it to you on level 10 of the Dungeon)

   It inflicts extra damage upon your enemies.
   rF:        It makes you vulnerable to fire.
   rPois:     It protects you from poison.
   SInv:      It lets you see invisible.
Missiles
 e - 107 stones (quivered)
 q - a curare-tipped dart
 u - 6 boomerangs
 J - 3 throwing nets
 S - 6 poisoned darts
Armour
 k - a +2 cloak (worn)
 o - +0 swamp dragon scales (worn)
 U - a +1 hat of stealth (worn)
Jewellery
 d - a ring of see invisible (left hand)
 A - a ring of ice
 D - an amulet of regeneration (around neck)
 F - a ring of positive energy (right hand)
 K - a ring of flight
Wands
 n - a wand of acid (7)
 r - a wand of digging (4)
 w - a wand of polymorph (9)
 N - a wand of iceblast (7)
 O - a wand of flame (22)
 Q - a wand of charming (11)
Scrolls
 g - 2 scrolls of teleportation
 h - 2 scrolls of enchant weapon
 i - a scroll of holy word
 m - a scroll of enchant armour {unknown}
 p - 2 scrolls of vulnerability {unknown}
 t - 2 scrolls of noise {unknown}
 H - a scroll of acquirement
 L - 2 scrolls of silence {unknown}
 V - 2 scrolls of immolation {unknown}
 W - a scroll of brand weapon {unknown}
 Y - a scroll of amnesia {unknown}
Potions
 f - 5 potions of haste {unknown}
 j - 2 potions of lignification
 s - 3 potions of mutation
 v - 2 potions of attraction
 x - 6 potions of might {unknown}
 z - 2 potions of curing
 B - 2 potions of cancellation {unknown}
 E - a potion of ambrosia {unknown}
 G - 6 potions of magic
 P - 2 potions of flight {unknown}
 R - 2 potions of degeneration {unknown}
 T - a potion of resistance {unknown}


   Skills:
 + Level 10.1 Fighting
 * Level 13.6 Axes
 * Level 10.8 Throwing
 - Level 2.4 Armour
 - Level 2.1 Dodging
 * Level 5.6 Evocations


You had 10 spell levels left.
You didn't know any spells.
Your spell library was empty.

Dungeon Overview and Level Annotations

Branches:
Dungeon (11/15)            Temple (0/1) D:6            Lair (0/6) D:11
 Bailey (visited)
    Orc: D:9-12

Altars:
Ashenzari
Elyvilon
Gozag
Kikubaaqudgha
Makhleb
Nemelex Xobeh
Okawaru
Sif Muna
Trog
Uskayaw
Wu Jian

Shops:
D:1 =   D:6 [

Annotations:
D:3 3 runed translucent doors, Diggabert's ghost, amateur FoFi
D:11 Sonja


Innate Abilities, Weirdness & Mutations

You have a pair of horns on your head.
You reflexively headbutt those who attack you in melee.


Message History

The vampire mosquito is severely damaged.
The vampire mosquito closely misses you.
You furiously retaliate!
You headbutt the vampire mosquito, but do no damage.
The vampire mosquito bites you!
The vampire mosquito draws strength from your injuries!
The vampire mosquito misses you.
You slash the vampire mosquito!
You destroy the vampire mosquito!
Trog accepts your kill.
A manticore comes into view.
The manticore bites you!!
* * * LOW HITPOINT WARNING * * *
The manticore barely misses you. The manticore completely misses you.
You slash the manticore!
The manticore is heavily wounded.
The manticore bites you.
* * * LOW HITPOINT WARNING * * *
The manticore claws you but does no damage.
The manticore closely misses you.
The manticore bites you but does no damage.
The manticore claws you!
* * * LOW HITPOINT WARNING * * *
The manticore claws you.
* * * LOW HITPOINT WARNING * * *
You feel much better. The manticore bites you!
* * * LOW HITPOINT WARNING * * *
The manticore closely misses you. The manticore claws you.
* * * LOW HITPOINT WARNING * * *
You feel much better. The manticore completely misses you.
The manticore claws you!
* * * LOW HITPOINT WARNING * * *
The manticore barely misses you. x2; The manticore claws you!
* * * LOW HITPOINT WARNING * * *
The manticore claws you!
* * * LOW HITPOINT WARNING * * *
You hit the manticore.
The manticore is heavily wounded.
The manticore bites you!!
You die...

...............######..#########
####.......####.# #...........#
..#######. ##.# #..######...#
$.### . .#. #..######...# ##[.
#. #....r)Y.K..# # ..##
.##...######...# .#Bgg# ##.#...#
#...# ..#c# #..#...# ###.## .).#
#@.#...# #.Y# #.## #H##...##
##†# ##c# #. #.[.# #(# #.. .#
#...# #.# ^#.[ .. ...# #.( . #?#
##. ...> #.. .# . # ..... .r. .
r#. #. B .


You could see a manticore.

Vanquished Creatures
  A two-headed ogre (D:10)
  3 death yaks (D:11)
  A skeletal warrior (D:10)
  A cyclops (D:9)
  2 hornets
  3 wyverns
  6 wraiths (D:10)
  10 yaks
  A vampire mosquito (D:11)
  2 acid dragons
  2 water moccasins
  An ice beast (D:6)
  2 ogres
  4 necrophages
  5 orc warriors
  A centaur (D:8)
  A phantom (D:6)
  A kobold brigand (D:5)
  2 bullfrogs (D:8)
  Blork the orc (D:6)
  A gnoll sergeant (D:10)
  2 scorpions (D:5)
  A wyvern zombie (D:7)
  A water moccasin zombie (D:5)
  A water moccasin skeleton (D:5)
  6 killer bees (D:9)
  16 wights
  5 howler monkeys
  3 bullfrog zombies
  5 centaur zombies
  2 hounds
  Crazy Yiuf (D:3)
  8 orc priests
  2 gnoll shamans
  2 jellies (D:6)
  A centaur skeleton (D:6)
  Jessica (D:3)
  An iguana (D:4)
  7 orc wizards
  Ijyb (D:4)
  A killer bee zombie (D:8)
  A mummy (D:9)
  A hound skeleton (D:4)
  Robin (D:4)
  23 gnolls
  A howler monkey zombie (D:8)
  A howler monkey skeleton (D:7)
  7 adders
  A shadow imp (D:7)
  7 worms
  2 dart slugs
  42 orcs
  3 bats (D:2)
  4 endoplasms
  A giant cockroach (D:2)
  19 goblins
  3 hobgoblins (D:4)
  3 jackals (D:3)
  7 quokkas
  6 ball pythons
  2 frilled lizards
  8 kobolds
  7 rats
268 creatures vanquished.

Vanquished Creatures (others)
  A fungus (D:5)
1 creature vanquished.

Grand Total: 269 creatures vanquished

Notes
Turn   | Place    | Note
-------+----------+-------------------------------------------
     0 | D:1      | LustLizard the Minotaur Berserker began the quest for the
                  | Orb.
     0 | D:1      | Reached XP level 1. HP: 19/19 MP: 0/0
   296 | D:1      | Reached skill level 4 in Axes
   489 | D:1      | Reached XP level 2. HP: 24/27 MP: 1/1
   518 | D:1      | Found Zul Yps's Jewellery Shop.
  1562 | D:2      | Reached ** piety under Trog
  1563 | D:2      | Reached XP level 3. HP: 33/33 MP: 2/2
  2248 | D:2      | Reached skill level 1 in Throwing
  2379 | D:3      | Reached skill level 5 in Axes
  2665 | D:3      | Reached XP level 4. HP: 34/41 MP: 3/3
  2955 | D:3      | Found an iron altar of Okawaru.
  2960 | D:3      | Noticed Jessica
  2971 | D:3      | Killed Jessica
  3081 | D:3      | Found a sparkling altar of Nemelex Xobeh.
  3145 | D:3      | Found a runed translucent door.
  3146 | D:3      | Noticed Crazy Yiuf
  3366 | D:3      | Found a runed translucent gate.
  3368 | D:3      | Found a runed translucent gate.
  3368 | D:3      | Found a runed translucent gate.
  3372 | D:3      | Noticed Diggabert's ghost (amateur FoFi)
  3428 | D:3      | Noticed a necrophage
  3438 | D:3      | Killed a necrophage
  3439 | D:3      | Reached XP level 5. HP: 47/47 MP: 4/4
  3501 | D:3      | Found a faded altar of an unknown god.
  3904 | D:3      | Killed Crazy Yiuf
  3905 | D:3      | Reached skill level 6 in Axes
  4122 | D:4      | Noticed Robin
  4130 | D:4      | Reached XP level 6. HP: 42/55 MP: 5/5
  4131 | D:4      | Killed Robin
  4132 | D:4      | Reached skill level 5 in Fighting
  4203 | D:4      | Found an opulent altar of Gozag.
  4209 | D:4      | Found a bloodstained altar of Trog.
  4214 | D:4      | Found a hide-covered altar of Uskayaw.
  4331 | D:4      | Found a white marble altar of Elyvilon.
  4451 | D:4      | Identified the +1 robe of Devotion {Rampage}
  4587 | D:4      | Noticed Ijyb
  4596 | D:4      | Killed Ijyb
  5608 | D:5      | Entered Level 5 of the Dungeon
  5676 | D:5      | Reached skill level 7 in Axes
  5676 | D:5      | Reached XP level 7. HP: 61/61 MP: 6/6
  5718 | D:5      | Identified the +3 helmet of the Candlemaker {Will+}
  5877 | D:5      | Found a broken altar of Ashenzari.
  6177 | D:5      | Reached skill level 5 in Throwing
  6520 | D:5      | Reached *** piety under Trog
  6521 | D:5      | Reached skill level 8 in Axes
  6633 | D:5      | Found a burning altar of Makhleb.
  6633 | D:5      | Noticed a green death
  6636 | D:5      | Noticed a smoke demon
  6636 | D:5      | Noticed a ynoxinul
  6702 | D:5      | Reached XP level 8. HP: 69/70 MP: 7/7
  7054 | D:6      | Found a staircase to the Ecumenical Temple.
  7188 | D:6      | Reached skill level 9 in Axes
  7207 | D:6      | Reached XP level 9. HP: 50/79 MP: 8/8
  7211 | D:6      | Reached skill level 10 in Axes
  7778 | D:6      | Noticed Blork the orc
  7785 | D:6      | Killed Blork the orc
  8046 | D:6      | Found Ra's Dragon-Slaying Spoils.
  8328 | D:7      | Found a flagged portal.
  8421 | Bailey   | Entered a bailey
  8947 | D:7      | Reached skill level 11 in Axes
  8950 | D:7      | Reached **** piety under Trog
  9634 | D:8      | Found an ornate altar of the Wu Jian Council.
  9634 | D:8      | Found an ancient bone altar of Kikubaaqudgha.
  9640 | D:8      | Found a shimmering blue altar of Sif Muna.
  9752 | D:8      | Reached XP level 10. HP: 90/90 MP: 9/9
  9944 | D:8      | Reached skill level 1 in Evocations
 10302 | D:9      | Identified the +3 buckler of Hedging {-Cast -Tele rElec
                  | rC+++}
 10542 | D:9      | Reached skill level 12 in Axes
 10761 | D:9      | Noticed a cyclops
 10849 | D:10     | Entered Level 10 of the Dungeon
 11568 | D:10     | Reached ***** piety under Trog
 11770 | D:10     | Noticed a skeletal warrior
 11776 | D:10     | Killed a skeletal warrior
 11777 | D:10     | Reached skill level 10 in Throwing
 11789 | D:10     | Reached XP level 11. HP: 84/97 MP: 10/10
 11827 | D:10     | Found the +5 scythe "Finisher" {speed, eviscerate}
 11881 | D:10     | Paralysed by a hornet for 2 turns
 12101 | D:10     | Identified the +9 broad axe of Jelly's Regret {vorpal,
                  | rPois rF- SInv} (Trog gifted it to you on level 10 of the
                  | Dungeon)
 12101 | D:10     | Received a gift from Trog
 12122 | D:10     | Noticed a two-headed ogre
 12130 | D:10     | Killed a two-headed ogre
 12131 | D:10     | Reached skill level 13 in Axes
 13461 | D:11     | Found a staircase to the Lair.
 13461 | D:11     | Noticed a death yak
 13474 | D:11     | Noticed Sonja
 13475 | D:11     | Killed a death yak
 13476 | D:11     | Reached skill level 5 in Evocations
 13476 | D:11     | Noticed a death yak
 13478 | D:11     | Noticed a boulder beetle
 13478 | D:11     | Noticed a death yak
 13506 | D:11     | Killed a death yak
 13507 | D:11     | Reached skill level 10 in Fighting
 13510 | D:11     | Killed a death yak
 13513 | D:11     | Noticed a four-headed hydra
 13513 | D:11     | HP: 6/148 [Sonja/bolt of acid (15)]
 13522 | D:11     | Noticed a boulder beetle
 13523 | D:11     | Noticed a deep elf pyromancer
 13531 | D:11     | HP: 4/99 [manticore (3)]
 13534 | D:11     | Mangled by a manticore

Illustrated notes

Levels and vault maps discovered:
D:1:      minmay_arrival_glassed_features, layout_basic, serial_shops,
          nicolae_shop_advertising_works [nicolae_subvault_shop_adworks]
D:2:      layout_loops_cross, minivault_11, kennysheep_generic_room_4
D:3:      layout_basic, mainiacjoe_overflow_catwalk_spiral,
          gammafunk_ghost_necromancy,
          dreamdust_ecumenical_altar_hidden_monk_grotto, uniq_jessica,
          uniq_crazy_yiuf_cottage
D:4:      cheibrodos_quashed, layout_loops_ring, elyvilon_altar_5,
          minmay_overflow_temple_star_quad, minmay_door_square,
          nicolae_wormholes, uniq_ijyb, uniq_robin
D:5:      layout_cave_pods, makhleb_altar_promises_db,
          mainiacjoe_overflow_tiny_flanked
D:6:      layout_loops_ring, minmay_temple_entry_grid,
          nicolae_shop_dragon_depot, uniq_blork_the_orc
D:7:      layout_basic, enter_bailey_6
D:8:      layout_basic, chequers_temple_overflow_statue_of_worship
D:9:      layout_roguey, serial_undead, serial_undead_c, serial_undead_f,
          serial_undead_e, serial_undead_d, serial_undead_b, serial_undead_a
D:10:     layout_basic, minmay_guarded_unrand_finisher
D:11:     minmay_ornate_pinched, layout_rooms, dpeg_lair_monsters, uniq_sonja

Skill      XL: |  1  2  3  4  5  6  7  8  9 10 11 |
---------------+----------------------------------+-----
Axes           | 4 5 6 7 8 9 11 12 13 | 13.6
Fighting       | 4 5 6 7 8 9 10 | 10.1
Throwing       | 1 2 3 4 5 7 8 10 | 10.8
Evocations     | 4 5 |  5.6
Armour         | |  2.4
Dodging        | |  2.1

Action                   |  1- 3 |  4- 6 |  7- 9 | 10-12 || total
-------------------------+-------+-------+-------+-------++-------
Melee: Hand axe          |    85 |   130 |   175 |       ||   390
       Headbutt          |    14 |    26 |    65 |    51 ||   156
       Punch             |     2 |     1 |     6 |     3 ||    12
       Mace              |       |       |   116 |   165 ||   281
       War axe           |       |       |       |    42 ||    42
       Broad axe         |       |       |       |    65 ||    65
Throw: Stone             |     5 |    15 |    70 |    56 ||   146
Invok: Berserk           |       |     6 |     6 |     4 ||    16
  Use: Scroll            |       |       |     2 |    10 ||    12
       Potion            |       |       |       |     4 ||     4
 Stab: Distracted        |       |       |       |     1 ||     1
Armor: Leather armour    |    16 |    13 |       |       ||    29
       Swamp dragon scal |       |    24 |   102 |    93 ||   219
       Ring mail         |       |     3 |       |       ||     3
Dodge: Dodged            |    48 |    42 |   153 |   138 ||   381
